 Dungeon Crawl Stone Soup version 0.19.0 (webtiles) character file.

157 KarmaPolice the Vandal (level 5, -11/35 HPs)
             Began as a Halfling Hunter on Nov 1, 2016.
             Killed from afar by an orc wizard (12 damage)
             ... with a puff of frost
             ... on level 4 of the Dungeon.
             The game lasted 00:08:23 (3017 turns).

KarmaPolice the Vandal (Halfling Hunter)            Turns: 3017, Time: 00:08:24

Health: -11/35     AC:  3    Str: 13    XL:     5   Next: 66%
Magic:  5/5        EV: 16    Int:  9    God:
Gold:   80         SH:  0    Dex: 16    Spells: 0 memorised, 4 levels left

rFire  . . .     SeeInvis .     a - +1 hunting sling
rCold  . . .     Gourm    .     c - +0 leather armour
rNeg   . . .     Faith    .     (shield restricted)
rPois  .         Spirit   .     (no helmet)
rElec  .         Reflect  .     (no cloak)
rCorr  .         Harm     .     (no gloves)
MR     .....                    (no boots)
Stlth  ++........               (no amulet)
                                (no ring)
                                (no ring)

@: lethally poisoned (-11 -> -13)
A: mutation resistance 1
a: no special abilities


You were on level 4 of the Dungeon.
You were not hungry.

You visited 1 branch of the dungeon, and saw 4 of its levels.

You collected 80 gold pieces.

Inventory:

Hand Weapons
 a - a +1 hunting sling (weapon)
 b - a +0 short sword
 n - a +0 club
Missiles
 d - 17 sling bullets
 h - a throwing net
 q - 9 stones (quivered)
Armour
 c - a +0 leather armour (worn)
 o - a +0 robe of fire resistance
Wands
 s - a wand of random effects (22/48)
Scrolls
 g - a scroll of blinking {unknown}
 i - 2 scrolls of magic mapping {unknown}
 l - 2 scrolls of enchant weapon {unknown}
 m - 3 scrolls of identify {unknown}
 p - a scroll of fog {unknown}
 r - a scroll of teleportation {unknown}
Potions
 e - 2 potions of heal wounds {unknown}
 j - a potion of curing {unknown}
 t - a potion of mutation {unknown}
 u - a potion of brilliance {unknown}
Comestibles
 f - a bread ration
 k - 2 chunks of flesh


   Skills:
 + Level 2.5 Fighting
 + Level 3.1 Short Blades
 + Level 6.9 Slings
 + Level 3.4 Dodging
 - Level 1.1 Stealth


You had 4 spell levels left.
You didn't know any spells.

Dungeon Overview and Level Annotations

Branches:
Dungeon (4/15)
 Temple: D:4-7

Altars:
Fedhas
Qazlal
Sif Muna


Innate Abilities, Weirdness & Mutations

You are small and have problems with some larger weapons.
You are somewhat resistant to further mutation.


Message History

You feel sick.
Found a coppery potion and a scorched leather armour.
An orc comes into view. It is wielding a dagger.
The orc shouts!
The orc moves out of view.
An orc comes into view. It is wielding a club.
Found an escape hatch in the ceiling.
An orc comes into view. It is wielding a short sword.
You see here a coppery potion.
You feel sick.
The orc shouts!
An orc and an orc wizard come into view.
The orc wizard moves out of view.
The orc hits you with a dagger.
* * * LOW HITPOINT WARNING * * *
The orc shouts!
* * * LOW HITPOINT WARNING * * *
You feel sick.
The orc wizard gestures at you while chanting.
The puff of frost hits you!
You die...

.........................
...........$#............
................<........
..#.....#########........
.........................
........!............##..
.....................####
....####...O..............
..........o.o@....##..........
..................##..........
.........[.........#..........
..##..oo######...#.......... .
....<.. #........#....#
........ #.....##.......
....... #..<..##.......
#...[.##.).....
.##.....##.......


You could see an ogre, an orc wizard and 3 orcs.

Vanquished Creatures
  3 adders
  4 gnolls
  An ooze (D:2)
  A worm (D:2)
  A dart slug (D:1)
  4 leopard geckos
  5 orcs
  2 ball pythons (D:1)
  2 giant cockroaches
  10 hobgoblins
  6 jackals
  9 kobolds
  6 bats
  5 frilled lizards
  4 goblins
  10 rats
73 creatures vanquished.

Notes
Turn   | Place    | Note
-------+----------+-------------------------------------------
     0 | D:1      | KarmaPolice the Halfling Hunter began the quest for the Orb.
     0 | D:1      | Reached XP level 1. HP: 14/14 MP: 1/1
    67 | D:1      | Reached XP level 2. HP: 9/19 MP: 2/2
   465 | D:1      | Reached skill level 6 in Slings
   657 | D:1      | Reached skill level 1 in Short Blades
   705 | D:1      | Reached XP level 3. HP: 11/24 MP: 3/3
  1338 | D:2      | Found a blossoming altar of Fedhas.
  1497 | D:2      | Reached XP level 4. HP: 29/29 MP: 4/4
  2064 | D:2      | Reached XP level 5. HP: 35/35 MP: 5/5
  2100 | D:2      | Found a deep blue altar of Sif Muna.
  2102 | D:2      | Found a stormy altar of Qazlal.
  2591 | D:3      | Noticed an ogre
  3014 | D:4      | HP: 1/35 [orc/dagger (3)]
  3017 | D:4      | Killed from afar by an orc wizard

Skill      XL: |  1  2  3  4  5 |
---------------+----------------+-----
Fighting       | 2 |  2.5
Slings         | 6 |  6.9
Short Blades   | 1 2 3 |  3.1
Dodging        | 3 |  3.4
Stealth        | |  1.1

Action                   |  1- 3 |  4- 6 || total
-------------------------+-------+-------++-------
Melee: Short sword       |   150 |    35 ||   185
 Fire: Hunting sling     |     9 |   112 ||   121
 Stab: Sleeping          |     1 |     1 ||     2
  Eat: Chunk             |     2 |     5 ||     7
Armor: Leather armour    |    25 |    18 ||    43
Dodge: Dodged            |   127 |    75 ||   202
